 Dungeon Crawl Stone Soup version 0.31-a0-625-gc9c7e45f3f (webtiles) character file.

Game seed: 11272063104836402662

772942 Seven7 the Invulnerable (level 27, 0/394 (409) HPs)
             Began as a Minotaur Fighter on Aug 24, 2023.
             Was an Initiate of Gozag.
             Succumbed to a tainted leviathan's dark miasma
             ... on level 6 of Tartarus.
             The game lasted 04:05:58 (86443 turns).

Seven7 the Invulnerable (Minotaur Fighter)         Turns: 86443, Time: 04:05:59

HP:   0/394 (409)   AC: 34    Str: 36    XL:     27
MP:   13/31         EV:  2    Int:  6    God:    Gozag
Gold: 2482          SH: 36    Dex: 25    Spells: 26/26 levels left

rFire   + . .        z - +9 broad axe (vamp)
rCold   + + +        A - +8 tower shield
rNeg    + + .        a - melded +15 Maxwell's patent armour {-Cast -Tele rElec Will+ rCorr}
rPois   +            h - melded +2 hat of the Bear Spirit {Spirit, Bear, *Rage Will++}
rElec   .            M - melded +2 cloak {rF+}
rCorr   .            G - melded +1 pair of gloves "Iguog" {+Inv rN+ Int+2 Dex+2}
SInv    +            f - melded +3 pair of seven-league boots {Rampage+∞}
Will    +....        L - macabre finger necklace {Finger+ rN+}
Stlth   +            N - ring "Edash" {rN+ MP+9 Dex+4}
HPRegen 0.85/turn    r - ring "Ypiujot" {rF+ rC++ Str+3 SInv}
MPRegen 0.22/turn    F - ring "Natyil" {rPois rC+ Int+2 Dex+6}

%: no passive effects
@: mighty, lethally poisoned (0 -> -75), tree-form, silenced, gold aura,
doom-hounded, hasted and slowed, wreathed by umbra, studying Throwing, lightly
drained, weak-willed
A: stationary, stasis, torment immunity, boosted hp, (horns 2), (retaliatory
headbutt), strong 1
}: 6/15 runes: barnacled, slimy, silver, obsidian, icy, gossamer
a: Renounce Religion


You were on level 6 of Tartarus.
You worshipped Gozag.
Gozag was most pleased with you.
You were a tree.
You visited 14 branches of the dungeon, and saw 69 of its levels.
You visited the Abyss 2 times.
You visited 1 bazaar.
You also visited: Volcano and Wizlab.

You collected 33851 gold pieces.
You spent 9494 gold pieces at shops.
You paid 21875 gold pieces to Gozag.

Inventory:

Hand Weapons
 z - a +9 vampiric broad axe (weapon)
Missiles
 K - 3 throwing nets (quivered)
Armour
 a - the +15 Maxwell's patent armour (melded) {-Cast -Tele rElec Will+ rCorr}
   (You bought it in a shop on level 10 of the Dungeon)

   rElec:     It insulates you from electricity.
   Will+:     It increases your willpower.
   -Cast:     It prevents spellcasting.
   -Tele:     It prevents most forms of teleportation.
   rCorr:     It protects you from acid and corrosion.
 f - the +3 pair of seven-league boots (melded) {Rampage+∞}
   (You acquired it on level 10 of the Dungeon)

   Rampage+∞: When moving toward enemies, its wearer moves as far as possible,
   alerting their target en route.
 h - the +2 hat of the Bear Spirit (melded) {Spirit, Bear, *Rage Will++}
   (You found it on level 5 of the Pits of Slime)

   Bear:      Going berserk makes the wearer exceptionally tough, and they are
   slowed for a shorter time afterward.
   Will++:    It greatly increases your willpower.
   *Rage:     It berserks you when you make melee attacks (+20% chance).
 n - the +13 chain mail "Zothrua" {rF+ SInv}
   (You found it on level 2 of the Shoals)

   rF+:       It protects you from fire.
   SInv:      It lets you see invisible.
 A - a +8 tower shield (worn)
 G - the +1 pair of gloves "Iguog" (melded) {+Inv rN+ Int+2 Dex+2}
   (You bought it in a shop on level 10 of the Dungeon)

   Int+2:     It affects your intelligence (+2).
   Dex+2:     It affects your dexterity (+2).
   rN+:       It protects you from negative energy.
   +Inv:      It lets you turn invisible.
 M - a +2 cloak of fire resistance (melded)
Jewellery
 b - an amulet of reflection
 i - the ring of Cappiuc {rPois Will+ SInv}
   (You found it on level 7 of Cocytus)

   [ring of willpower]

   rPois:     It protects you from poison Will+: It increases your willpower.
   SInv:      It lets you see invisible.
 r - the ring "Ypiujot" (right branch) {rF+ rC++ Str+3 SInv}
   (You bought it in a shop on level 10 of the Dungeon)

   [ring of see invisible]

   Str+3:     It affects your strength (+3).
   rF+:       It protects you from fire.
   rC++:      It greatly protects you from cold.
   SInv:      It lets you see invisible.
 x - the ring of Qimaariyq {rPois rF+ EV+5 Dex+2}
   (You took it off a balrug on level 7 of Gehenna)

   [ring of evasion]

   EV+5:      It affects your evasion (+5).
   Dex+2:     It affects your dexterity (+2).
   rF+:       It protects you from fire.
   rPois:     It protects you from poison
 F - the ring "Natyil" (on amulet) {rPois rC+ Int+2 Dex+6}
   (You took it off a merfolk on level 4 of the Shoals)

   [ring of dexterity]

   Int+2:     It affects your intelligence (+2).
   Dex+6:     It affects your dexterity (+6).
   rC+:       It protects you from cold.
   rPois:     It protects you from poison
 L - the macabre finger necklace (around neck) {Finger+ rN+}
   (You found it on level 5 of the Pits of Slime)

   [amulet of nothing]

   Finger+:   It enables you to equip an extra ring.
   rN+:       It protects you from negative energy.
 N - the ring "Edash" (left branch) {rN+ MP+9 Dex+4}
   (You found it on level 2 of the Depths)

   [ring of positive energy]

   Dex+4:     It affects your dexterity (+4).
   rN+:       It protects you from negative energy.
   MP+9:      It affects your magic capacity (+9).
 Q - the ring of Pazyomuw {Fly rElec rPois Dex+3}
   (You took it off a deep elf sorcerer on level 3 of the Elven Halls)

   [ring of poison resistance]

   Dex+3:     It affects your dexterity (+3).
   rElec:     It insulates you from electricity.
   rPois:     It protects you from poison Fly: It grants you flight.
Wands
 v - a wand of charming (23)
 y - a wand of flame (71)
 B - a wand of acid (47)
 E - a wand of mindburst (19)
 J - a wand of iceblast (81)
 W - a wand of digging (42)
Scrolls
 c - 8 scrolls of poison
 e - 12 scrolls of immolation
 g - 7 scrolls of fear
 k - 3 scrolls of silence
 m - 12 scrolls of fog
 p - 23 scrolls of teleportation
 t - 8 scrolls of blinking
 u - 9 scrolls of revelation
Potions
 d - 7 potions of might
 l - 18 potions of heal wounds
 q - 4 potions of lignification
 s - 8 potions of berserk rage
 C - 7 potions of invisibility
 D - 23 potions of curing
 H - 4 potions of haste
 P - 4 potions of resistance
 U - 5 potions of cancellation
 X - 6 potions of mutation


   Skills:
 O Level 27 Fighting
 O Level 27 Axes
 O Level 27 Armour
 O Level 27 Dodging
 O Level 27 Shields
 + Level 15.1 Evocations


You had 26 spell levels left.
You didn't know any spells.
Your spell library contained the following spells:

 Spells                   Type           Power      Damage    Failure   Level
 Apportation              Tloc           0%         N/A       45%         1
 Freeze                   Ice            0%         1d3       45%         1
 Kiss of Death            Conj/Necr      0%         2d5       45%         1
 Magic Dart               Conj           0%         1d3       45%         1
 Necrotise                Necr           0%         1d4       45%         1
 Shock                    Conj/Air       0%         1d3       45%         1
 Summon Small Mammal      Summ           0%         N/A       45%         1
 Blink                    Tloc           0%         N/A       58%         2
 Call Imp                 Summ           0%         N/A       58%         2
 Lesser Beckoning         Tloc           0%         N/A       58%         2
 Momentum Strike          Conj/Tloc      0%         3d8       58%         2
 Passwall                 Tmut/Erth      0%         N/A       58%         2
 Poisonous Vapours        Pois/Air       0%         N/A       58%         2
 Scorch                   Fire           0%         2d5       58%         2
 Searing Ray              Conj           0%         2d4       58%         2
 Static Discharge         Conj/Air       0%         2-2/arc   58%         2
 Sublimation of Blood     Necr           0%         N/A       58%         2
 Wereblood                Tmut           0%         N/A       58%         2
 Call Canine Familiar     Summ           0%         N/A       83%         3
 Confusing Touch          Hex            0%         N/A       83%         3
 Frozen Ramparts          Ice            0%         1d1       83%         3
 Hailstorm                Conj/Ice       0%         3d3       83%         3
 Inner Flame              Hex/Fire       0%         N/A       83%         3
 Mephitic Cloud           Conj/Pois/Air  0%         N/A       83%         3
 Portal Projectile        Hex/Tloc       0%         N/A       83%         3
 Swiftness                Air            0%         N/A       83%         3
 Tukima's Dance           Hex            0%         N/A       83%         3
 Vampiric Draining        Necr           0%         2d6       83%         3
 Volatile Blastmotes      Fire/Tloc      0%         2d10      83%         3
 Airstrike                Air            0%         2d(0-16)  99%         4
 Anguish                  Hex/Necr       0%         N/A       99%         4
 Animate Armour           Summ/Erth      0%         N/A       99%         4
 Cause Fear               Hex            0%         N/A       99%         4
 Dispel Undead            Necr           0%         3d6       99%         4
 Flame Wave               Conj/Fire      0%         2d4       99%         4
 Fulminant Prism          Conj/Hex       0%         3d5       99%         4
 Iskenderun's Mystic Bla  Conj/Tloc      0%         2d3       99%         4
 Leda's Liquefaction      Hex/Erth       0%         N/A       99%         4
 Manifold Assault         Tloc           0%         N/A       99%         4
 Passage of Golubria      Tloc           0%         N/A       99%         4
 Petrify                  Tmut/Erth      0%         N/A       99%         4
 Sticky Flame             Conj/Fire      0%         2d3       99%         4
 Summon Ice Beast         Ice/Summ       0%         N/A       99%         4
 Summon Lightning Spire   Summ/Air       0%         N/A       99%         4
 Agony                    Necr           0%         N/A       100%        5
 Borgnjor's Vile Clutch   Necr/Erth      0%         N/A       100%        5
 Fireball                 Conj/Fire      0%         3d3       100%        5
 Freezing Cloud           Conj/Ice/Air   0%         6-21      100%        5
 Irradiate                Conj/Tmut      0%         3d11      100%        5
 Iskenderun's Battlesphe  Conj           0%         2d6       100%        5
 Lee's Rapid Deconstruct  Erth           0%         3d4*      100%        5
 Silence                  Hex/Air        0%         N/A       100%        5
 Summon Forest            Summ/Tloc      0%         N/A       100%        5
 Summon Mana Viper        Hex/Summ       0%         N/A       100%        5
 Yara's Violent Unravell  Hex/Tmut       0%         3d3       100%        5
 Conjure Ball Lightning   Conj/Air       0%         3x3d6     100%        6
 Dispersal                Tloc           0%         N/A       100%        6
 Leda's Unmaking          Conj/Erth      0%         9d1       100%        6
 Summon Cactus Giant      Summ           0%         N/A       100%        6
 Enfeeble                 Hex            0%         N/A       100%        7
 Haunt                    Necr/Summ      0%         N/A       100%        7
 Malign Gateway           Summ/Tloc      0%         N/A       100%        7
 Monstrous Menagerie      Summ           0%         N/A       100%        7
 Ozocubu's Refrigeration  Ice            0%         4d7       100%        7
 Spellforged Servitor     Conj/Summ      0%         N/A       100%        7
 Summon Hydra             Summ           0%         N/A       100%        7
 Borgnjor's Revivificati  Necr           0%         N/A       100%        8
 Discord                  Hex            0%         N/A       100%        8
 Disjunction              Tloc           0%         N/A       100%        8
 Infestation              Necr           0%         N/A       100%        8
 Lehudib's Crystal Spear  Conj/Erth      0%         10d2      100%        8
 Summon Horrible Things   Summ           0%         N/A       100%        8
 Chain Lightning          Conj/Air       0%         N/A       100%        9
 Death's Door             Necr           0%         N/A       100%        9
 Dragon's Call            Summ           0%         N/A       100%        9
 Fire Storm               Conj/Fire      0%         5d1       100%        9
 Polar Vortex             Ice            0%         N/A       100%        9
 Shatter                  Erth           0%         3d5*      100%        9
 Animate Dead             Necr           Unusable   N/A       N/A         4
 Simulacrum               Ice/Necr       Unusable   N/A       N/A         6

Dungeon Overview and Level Annotations

Branches:
Dungeon (15/15)            Temple (1/1) D:4            Lair (5/5) D:10
 Shoals (4/4) Lair:3       Spider (4/4) Lair:3        Slime (5/5) Lair:5
    Orc (2/2) D:10            Elf (3/3) Orc:2        Vaults (5/5) D:14
  Crypt (0/3) Vaults:2     Depths (4/4) D:15           Hell (visited)
    Dis (0/7) Hell            Geh (7/7) Hell            Coc (7/7) Hell
    Tar (6/7) Hell            Zot (0/5) Depths:4    Volcano (visited)
 WizLab (visited)

Altars:
Ashenzari
Cheibriados
Dithmenos
Elyvilon
Fedhas
Gozag
Hepliaklqana
Kikubaaqudgha
Makhleb
Nemelex Xobeh
Okawaru
Qazlal
Ru
Sif Muna
Trog
Uskayaw
Vehumet
Wu Jian
Xom
Yredelemnul
Zin
The Shining One
Jiyva

Shops:
D:8 :   D:10 *[[=*=[*=[*[*   D:12 [*   Orc:2 =(**   Elf:3 (=(   Shoals:3 :!
Vaults:4 *   Vaults:5 :   Depths:4 (![!

Portals:
Hell: Depths:1 Depths:2 Depths:3 Depths:4
Abyss: Depths:3
Pandemonium: Orc:2 Depths:2 Depths:4
Ziggurat: Depths:4
Trove: Vaults:3 (give +4 demon blade)

Annotations:
D:9 1 transporter
D:14 2 transporters, exclusion: 2 orange crystal statues, Kous's ghost, journeyman DsMo
Lair:5 exclusion: ice statue


Innate Abilities, Weirdness & Mutations

You are a tree.
Your roots penetrate the ground, keeping you stationary.
You cannot be teleported.
You are immune to unholy pain and torment.
Your maximum health is greatly increased.
Your equipment is partially melded.
((You have a pair of horns on your head.))
((You reflexively headbutt those who attack you in melee.))
Your muscles are strong. (Str +4, Int/Dex -1)


Message History

The Tzitzimitl completely resists.
The bolt of negative energy hits you! You partially resist.
You feel drained.
* * * LOW HITPOINT WARNING * * *
The shadow demon gestures.
You block the Tzitzimitl's attack. The Tzitzimitl bites you.
* * * LOW HITPOINT WARNING * * *
You partially resist.
You feel drained.
The putrid mouth is distracted by your dazzling golden aura.
You feel much better.
* * * LOW HITPOINT WARNING * * *
You feel extremely sick.
The death drake is no longer distracted by gold.
The doom hound bites you!
* * * LOW HITPOINT WARNING * * *
You block the doom hound's attack.
The hellion is distracted by your dazzling golden aura.
You block the tainted leviathan's attack. x2
A putrid mouth opens the door.
The Tzitzimitl engulfs you but does no damage.
You block the Tzitzimitl's attack.
A Tzitzimitl opens the door.
The death drake breathes miasma at you.
The foul vapour engulfs you but does no damage.
The doom hound bites you!
* * * LOW HITPOINT WARNING * * *
You block the doom hound's attack.
A Tzitzimitl comes into view.
Magic scrolls do not work when you're silenced!
Unknown command.
Unknown command.
Unknown command.
Unknown command.
You miss the Tzitzimitl.
The Tzitzimitl is moderately wounded.
You slash the tainted leviathan! You slash the Tzitzimitl!
You miss the doom hound.
You are engulfed in dark miasma.
You are more poisoned.
You feel as though you will be slow longer.
* * * LOW HITPOINT WARNING * * *
You die...
Your body crumbles into a pile of gold.

###......#######.....#...##
###........###^####...###...#
#...#.......'....'.....#.....
#...............###...###...#
#.........○☼....##.#.#.#.....
#...''''''°C''..####'###.....
#...' ++'Zk+'.§.###.#>#.#.#.
#...' ++k22C○○1...#....######
#...' +.AhL1♣○....'...####.##
#...' +.>211h'....#....'.....
#...' +.>1Dh+○W..###..###...#
#...' +..2W'+'....#....#.....
#...' +++++++'..#############
#...' +'..# #...''''''''''..#
##..............#
#..............#


You could see a bone dragon, a profane servitor (summoned), 2 tainted
leviathans, 3 doom hounds, a dread lich, 5 Tzitzimimeh, 2 death drakes, 2 putrid
mouths, 2 shadow demons, a spectral juggernaut (summoned), a hellion
(unsilenced) and a tormentor (unsilenced).

Vanquished Creatures
  Antaeus (Coc:7)
  the Royal Jelly (Slime:5)
  Asmodeus (Geh:7)
  Dissolution (Slime:4)
  4 dread liches
  3 ancient liches
  Mara (Spider:3)
  A juggernaut (Depths:2)
  A royal mummy (WizLab)
  36 shard shrikes
  Sojobo (D:15)
  Bai Suzhen (Spider:3)
  Geryon (Hell)
  A golden dragon (Depths:2)
  9 bone dragons
  Arachne (Spider:1)
  8 profane servitors
  2 doom hounds
  6 Tzitzimimeh
  8 Brimstone Fiends
  18 hellephants
  A spectral shard shrike (Tar:4)
  Jorgrun (D:14)
  A walking earthen tome (Depths:3)
  29 searing wretches
  12 Ice Fiends
  Rupert (Lair:4)
  3 liches
  5 tentacled monstrosities
  14 titans
  10 tainted leviathans
  2 deep elf blademasters (Elf:3)
  Gastronok (Orc:1)
  A walking frostbound tome (Depths:3)
  23 acid blobs
  2 deep elf master archers (Elf:3)
  An ancient champion (Hell)
  An acid blob (shapeshifter) (Depths:2)
  6 sphinxes
  2 tentacled starspawn (Abyss:3)
  6 tengu reavers
  Polyphemus (Shoals:4)
  7 storm dragons
  13 rockslimes
  Ilsuiw (Shoals:2)
  A daeva (Shoals:4)
  Roxanne (Elf:3)
  23 azure jellies
  Donald (Shoals:4)
  The ghost of Apte Vyu the Severer, a journeyman MiFi of Okawaru (D:13)
  32 narguns
  21 fire giants
  6 emperor scorpions
  10 frost giants
  6 deep elf sorcerers
  2 ghost moths (Spider:4)
  2 deep elf elementalists (Elf:3)
  An iron dragon (Vaults:5)
  A spectral caustic shrike (Tar:4)
  8 balrugs
  A spectral juggernaut (Tar:5)
  15 vault wardens
  Louise (Shoals:1)
  11 shard shrike simulacra
  A caustic shrike skeleton (Abyss:3)
  2 draconian annihilators (Depths:4)
  A formless jellyfish (shapeshifter) (Vaults:5)
  3 broodmothers
  4 very ugly things
  A spriggan defender (Depths:4)
  9 ironbound thunderhulks
  An orc warlord (Vaults:1)
  3 war gargoyles
  9 stone giants
  An ophan (Abyss:3)
  4 reapers (Hell)
  19 ironbound preservers
  7 quicksilver oozes (Slime:5)
  20 elemental wellsprings
  11 formless jellyfish
  3 vampire knights
  6 putrid mouths
  2 eleionomae (Shoals:3)
  8 deep elf demonologists
  An apis (Shoals:4)
  24 wendigos
  A halazid warlock (Hell)
  7 deep elf annihilators
  2 yellow draconians (Depths:4)
  A spectral titan (Tar:3)
  A red draconian (Depths:4)
  A green death (Abyss:3)
  19 dire elephants
  A white draconian (Depths:4)
  A deep elf death mage (Elf:3)
  2 iron golems (Hell)
  3 blizzard demons (Hell)
  8 spark wasps
  5 mummy priests (WizLab)
  8 merfolk impalers
  2 crystal guardians (Vaults:3)
  An eidolon (Tar:1)
  9 merfolk javelineers
  2 spectral quicksilver dragons (Tar:4)
  12 ettins
  11 yaktaur captains
  7 great orbs of eyes
  A spectral fenstrider witch (Tar:1)
  The ghost of ouz the Slicer, a journeyman VSSh of Wu Jian (D:11)
  7 deep elf high priests
  5 fire dragons
  12 entropy weavers
  2 spectral spriggans
  2 rakshasas (Depths:3)
  5 hydras
  10 ice dragons
  3 ogre magi
  42 vault guards
  15 caustic shrike simulacra
  7 juggernaut simulacra
  2 peacekeepers
  A hell beast (Depths:2)
  21 centaur warriors
  5 spriggan air magi
  2 catoblepae
  7 ironbound frosthearts
  6 salamander tyrants
  3 demonspawn (Orc:2)
  12 stokers
  2 alligator snapping turtles
  A two-headed ogre (shapeshifter) (Depths:2)
  3 merfolk avatars
  A spectral stone giant (Tar:1)
  8 two-headed ogres
  4 radroaches
  8 merfolk aquamancers
  10 deep troll earth magi
  38 dancing weapons
  4 satyrs (Shoals:3)
  18 boulder beetles
  25 hell hogs
  8 deep troll shamans
  5 spriggan berserkers
  9 tengu warriors
  9 death yaks
  A spectral dire elephant (Tar:4)
  3 spectral nagas
  12 demonic crawlers
  7 soul eaters (Hell)
  A holy swine (Shoals:4)
  8 orc high priests
  11 thrashing horrors (Abyss:3)
  5 sun demons
  17 hell knights
  A skyshark (Shoals:2)
  Nergalle (Orc:1)
  20 deep elf knights
  5 iron trolls
  A spark wasp zombie (WizLab)
  A sixfirhy (Abyss:3)
  6 shadow wraiths
  A wretched star (Abyss:3)
  6 pharaoh ants
  13 orb spiders
  2 skeletal warriors (Hell)
  2 flayed ghosts (Hell)
  2 cherubim (Shoals:4)
  4 glowing orange brains
  7 sea snakes
  A swamp dragon (shapeshifter) (Vaults:3)
  63 deep trolls
  4 shadow demons
  3 spriggan simulacra
  9 wizards
  6 quicksilver dragon simulacra
  15 deep elf archers
  14 lindwurms
  22 harpies
  27 ironbound convokers
  A tengu zombie (WizLab)
  10 necromancers
  7 orc knights
  5 phantasmal warriors
  8 orc sorcerers
  A frost giant zombie (WizLab)
  33 ugly things
  39 wolf spiders
  6 steelbarb worms
  28 deep elf zephyrmancers
  A mana viper (shapeshifter) (Vaults:5)
  41 deep elf pyromancers
  An iron dragon zombie (Vaults:1)
  3 oklob plants
  6 shining eyes
  14 fauns (Shoals:3)
  2 spectral ettins (Geh:2)
  A worldbinder (Abyss:3)
  5 cyclopes
  A cyclops (shapeshifter) (Vaults:5)
  A black mamba (shapeshifter) (Depths:2)
  10 manticores
  4 moths of wrath
  A frost giant skeleton (Vaults:1)
  5 water nymphs
  Joseph (D:8)
  A human skeleton (Vaults:2)
  2 spectral centaurs
  3 black mambas (Lair:5)
  3 eyes of devastation
  4 smoke demons
  An apocalypse crab (Abyss:3)
  4 titan simulacra
  24 elephants
  A rust devil (Hell)
  4 merfolk sirens
  21 vault sentinels
  A guardian serpent (shapeshifter) (Vaults:5)
  5 molten gargoyles (Hell)
  4 ice statues
  2 gargoyles (Volcano)
  Maggie (D:8)
  An unseen horror (D:10)
  2 orange demons (Depths:4)
  12 torpor snails
  11 cane toads
  2 centaur skeletons (D:15)
  An efreet (Abyss:3)
  11 tormentors
  30 hellions
  3 rime drakes
  11 freezing wraiths
  A redback zombie (D:15)
  A bunyip simulacrum (Hell)
  4 tengu conjurers
  3 komodo dragons
  18 yaktaurs
  3 ice devils
  7 anaconda simulacra
  An elf skeleton (Vaults:1)
  2 spectral harpies
  4 guardian mummies (WizLab)
  4 tyrant leeches (Lair:5)
  2 red devils
  4 silent spectres
  6 golden dragon simulacra
  16 hornets
  Grinder (D:6)
  A shadow dragon simulacrum (Coc:1)
  7 wind drakes
  2 hellwings (Depths:2)
  10 meliai
  36 tarantellas
  9 trolls
  13 polar bears (Lair:5)
  19 blink frogs
  2 raiju (Lair:5)
  20 merfolk
  A tarantella (shapeshifter) (Depths:2)
  8 snapping turtles
  2 stone giant simulacra
  4 iron dragon simulacra
  15 dream sheep
  2 large abominations (Abyss:3)
  2 spriggan zombies (WizLab)
  4 spriggans
  29 jumping spiders
  6 naga simulacra
  81 slime creatures
  A slime creature (shapeshifter) (Depths:2)
  3 small abominations (Abyss:3)
  An ettin zombie (WizLab)
  5 air elementals
  A shadow (D:10)
  A spectral black mamba (Tar:1)
  2 centaur simulacra
  3 ynoxinuls
  6 dire elephant simulacra
  23 water elementals
  60 yaks
  28 culicivoras
  2 vampires
  2 wraiths
  3 wyverns
  A basilisk (Lair:1)
  A fire bat (shapeshifter) (Vaults:5)
  An alligator snapping turtle simulacrum (Coc:1)
  Eustachio (D:5)
  3 fire elementals
  16 golden eyes
  A human (shapeshifter) (D:15)
  61 redbacks
  3 vampire mosquitoes
  A neqoxec (Abyss:3)
  A human simulacrum (Vaults:2)
  8 wargs
  16 harpy simulacra
  13 hell hounds (Lair:5)
  Edmund (D:6)
  A floating eye (shapeshifter) (D:8)
  2 glowing shapeshifter zombies
  3 hydra simulacra
  An acid dragon (D:11)
  9 water moccasins
  2 floating eyes (Depths:3)
  8 ice beasts
  A swamp drake (D:10)
  14 black bears
  35 orc warriors
  2 sky beasts
  13 ettin simulacra
  32 wolves
  9 ogres
  10 boggarts
  An orc skeleton (Vaults:1)
  9 centaurs
  2 kobold brigands
  3 human zombies
  19 bullfrogs
  2 gnoll sergeants
  4 scorpions (D:6)
  3 earth elementals
  A deep troll simulacrum (Coc:1)
  10 wights
  5 killer bees
  2 electric eels
  3 howler monkeys
  2 jellies
  24 orc priests
  A gnoll bouda (D:7)
  2 sleepcaps
  11 starcursed masses
  2 hounds
  2 iguanas
  16 orc wizards
  20 gnolls
  13 adders
  5 white imps
  3 dart slugs
  58 orcs
  7 endoplasms
  2 giant cockroaches
  6 hobgoblins
  2 jackals (D:3)
  7 quokkas
  7 ball pythons
  4 bats
  4 frilled lizards
  11 goblins
  9 kobolds
  4 rats
  A butterfly (Lair:1)
  2 creeping infernos
  8 fire vortices
2721 creatures vanquished.

Vanquished Creatures (others)
  A shard shrike (Coc:6)
  A titan (Coc:7)
  3 azure jellies
  A frost giant (Coc:7)
  2 shard shrike simulacra (Coc:6)
  A deep elf annihilator (Elf:2)
  A wendigo (Coc:7)
  A merfolk impaler (Shoals:2)
  2 juggernaut simulacra (Coc:7)
  3 caustic shrike simulacra
  A hell hog (Hell)
  4 spriggan simulacra
  A sea snake (Shoals:4)
  A quicksilver dragon simulacrum (Coc:6)
  A wizard (Vaults:1)
  2 deep elf zephyrmancers
  A rust devil (Hell)
  A torpor snail (Spider:4)
  2 anaconda simulacra
  A golden dragon simulacrum (Coc:7)
  A tarantella (Spider:4)
  An iron dragon simulacrum (Coc:7)
  3 dire elephant simulacra
  A redback (Spider:4)
  2 harpy simulacra
  An ettin simulacrum (Coc:7)
  A boggart (Vaults:2)
  A large abomination (Abyss:3)
  2 naga simulacra (Coc:7)
  2 creeping infernos
  2 fire vortices (Geh:2)
  4 starspawn tentacles (Abyss:3)
52 creatures vanquished.

Grand Total: 2773 creatures vanquished

Notes
Turn   | Place    | Note
-------+----------+-------------------------------------------
     0 | D:1      | Seven7 the Minotaur Fighter began the quest for the Orb.
     0 | D:1      | Reached XP level 1. HP: 19/19 MP: 0/0
   389 | D:1      | Reached XP level 2. HP: 27/27 MP: 1/1
   634 | D:1      | You fall into a shaft and drop 1 floor!
   956 | D:2      | Reached XP level 3. HP: 29/33 MP: 2/2
  1137 | D:2      | Reached skill level 1 in Dodging
  1200 | D:2      | Found a faded altar of an unknown god.
  1274 | D:2      | Reached XP level 4. HP: 41/41 MP: 3/3
  1682 | D:3      | Identified the ring "Ysowirur" {rElec rC+ rN+ Str+3}
  1755 | D:3      | Reached XP level 5. HP: 32/47 MP: 4/4
  1845 | D:3      | Found a stormy altar of Qazlal.
  1941 | D:3      | Reached skill level 5 in Fighting
  2104 | D:3      | Found a bloodstained altar of Trog.
  2189 | D:3      | Found a shimmering blue altar of Sif Muna.
  2476 | D:4      | Found a staircase to the Ecumenical Temple.
  2487 | Temple   | Entered the Ecumenical Temple
  2536 | D:4      | Found a glowing golden altar of the Shining One.
  2538 | D:4      | Found an ancient bone altar of Kikubaaqudgha.
  3043 | D:5      | Entered Level 5 of the Dungeon
  3077 | D:5      | Noticed an ice beast
  3096 | D:5      | Killed an ice beast
  3097 | D:5      | Reached XP level 6. HP: 43/56 MP: 5/5
  3169 | D:5      | Found a blossoming altar of Fedhas.
  3368 | D:5      | Noticed Eustachio
  3381 | D:5      | Killed Eustachio
  3382 | D:5      | Reached skill level 5 in Axes
  3583 | D:5      | Noticed an ice beast
  3595 | D:5      | Killed an ice beast
  3596 | D:5      | Reached skill level 5 in Armour
  3596 | D:5      | Reached skill level 5 in Shields
  3596 | D:5      | Reached XP level 7. HP: 28/63 MP: 6/6
  5224 | D:6      | Reached XP level 8. HP: 71/71 MP: 7/7
  5655 | D:6      | Found a burning altar of Makhleb.
  5704 | D:6      | Reached XP level 9. HP: 7/82 MP: 8/8
  5985 | D:6      | Found an opulent altar of Gozag.
  5985 | D:6      | Noticed Grinder
  6001 | D:6      | Killed Grinder
  6002 | D:6      | Reached skill level 5 in Dodging
  6002 | D:6      | Became a worshipper of Gozag Ym Sagoz the Greedy
  6065 | D:6      | Found a shimmering altar of Xom.
  6085 | D:6      | Noticed Edmund
  6092 | D:6      | Killed Edmund
  6392 | D:6      | Noticed a two-headed ogre
  6433 | D:6      | HP: 3/83 [bullfrog (2)]
  6440 | D:6      | HP: 2/83 [bullfrog (3)]
  7252 | D:7      | Found an iron altar of Okawaru.
  7547 | D:7      | Found a glowing silver altar of Zin.
  7814 | D:8      | HP: 1/85 [centaur/arrow (6)]
  8071 | D:8      | Noticed Joseph
  8087 | D:8      | Killed Joseph
  8088 | D:8      | Reached skill level 10 in Fighting
  8088 | D:8      | Reached XP level 10. HP: 75/93 MP: 9/9
  8649 | D:8      | Noticed Maggie
  8676 | D:8      | Killed Maggie
  8805 | D:8      | Reached skill level 10 in Axes
  8860 | D:8      | Found Empinama's Book Shop.
  9011 | D:8      | Noticed a centaur warrior
  9027 | D:8      | Killed a centaur warrior
  9212 | D:8      | Noticed a guardian serpent
  9218 | D:8      | Noticed an orb spider
  9219 | D:8      | an orb spider changed into a deep troll
  9219 | D:8      | Noticed a deep troll (shapeshifter)
  9264 | D:8      | Noticed a deep elf pyromancer
 10150 | D:9      | Found a sparkling altar of Nemelex Xobeh.
 10150 | D:9      | Found a transporter.
 10150 | D:9      | Noticed a harpy
 10150 | D:9      | Noticed a centaur warrior
 10177 | D:9      | Noticed a two-headed ogre
 10184 | D:9      | Killed a two-headed ogre
 10572 | D:10     | Entered Level 10 of the Dungeon
 10667 | D:8      | Reached XP level 11. HP: 102/102 MP: 10/10
 10835 | D:8      | Noticed a tengu warrior
 10854 | D:8      | Killed a tengu warrior
 11062 | D:8      | Killed a deep elf pyromancer
 11435 | D:8      | Found Empinama's Book Shop.
 12338 | D:6      | Killed a two-headed ogre
 12473 | D:6      | Found an opulent altar of Gozag.
 12552 | D:6      | Found a shimmering altar of Xom.
 12797 | D:6      | Found a burning altar of Makhleb.
 13116 | D:10     | Found an ornate altar of the Wu Jian Council.
 13143 | D:10     | Found a broken altar of Ashenzari.
 13179 | D:10     | Identified the ring "Qetok" {MP+9 Str+5}
 13618 | D:10     | Found a staircase to the Orcish Mines.
 13733 | D:10     | Found a staircase to the Lair.
 13734 | D:10     | Noticed an oklob plant
 14309 | D:10     | Killed an oklob plant
 14413 | Lair:1   | Entered Level 1 of the Lair of Beasts
 14576 | Lair:1   | Found a dark tunnel.
 14630 | Volcano  | Entered a volcano
 14814 | Lair:1   | Reached skill level 10 in Armour
 14814 | Lair:1   | Reached XP level 12. HP: 113/113 MP: 11/11
 15492 | Lair:2   | Noticed a boulder beetle
 15508 | Lair:2   | Killed a boulder beetle
 16171 | Lair:2   | Reached skill level 10 in Shields
 16230 | Lair:2   | Noticed an eight-headed hydra
 16238 | Lair:2   | Killed an eight-headed hydra
 16789 | Lair:3   | Found a staircase to the Shoals.
 16991 | Lair:3   | Noticed a boulder beetle
 17017 | Lair:3   | Killed a boulder beetle
 17316 | Lair:3   | Reached XP level 13. HP: 111/125 MP: 12/12
 17480 | Lair:3   | Found a hole to the Spider Nest.
 18136 | Lair:4   | Reached skill level 15 in Fighting
 18256 | Lair:4   | Noticed Rupert
 18260 | Lair:5   | Entered Level 5 of the Lair of Beasts
 18267 | Lair:5   | Reached skill level 15 in Axes
 18271 | Lair:5   | Reached skill level 10 in Dodging
 18623 | Lair:5   | Found a runed translucent door.
 18624 | Lair:5   | Noticed a fire dragon
 18680 | Lair:5   | Paralysed by a hornet for 2 turns
 18692 | Lair:5   | Paralysed by a hornet for 1 turns
 18701 | Lair:5   | Paralysed by a hornet for 3 turns
 18728 | Lair:5   | Paralysed by a hornet for 3 turns
 19392 | Lair:5   | Reached XP level 14. HP: 119/135 MP: 13/13
 19441 | Lair:5   | Found a staircase to the Slime Pits.
 20058 | Lair:4   | Paralysed by Rupert for 4 turns
 20214 | Lair:4   | Killed Rupert
 21741 | D:10     | Identified a scroll of acquirement
 21793 | D:11     | Found a runed translucent gate.
 21793 | D:11     | Found a runed translucent gate.
 21793 | D:11     | Found a runed translucent gate.
 21793 | D:11     | Found a viscous altar of Jiyva.
 21793 | D:11     | Noticed ouz's ghost (journeyman VSSh)
 22447 | D:11     | Killed ouz's ghost
 22934 | D:12     | Found Syagoeceo's Antique Armour Shoppe.
 23479 | D:12     | Found Yssifade's Blood Bar.
 23662 | D:13     | Noticed Apte Vyu's ghost (journeyman MiFi)
 23964 | D:13     | Reached XP level 15. HP: 140/141 MP: 14/14
 24335 | D:13     | Found a runed translucent door.
 24462 | D:14     | Noticed Kous's ghost (journeyman DsMo)
 24464 | D:14     | Found a transporter.
 24470 | D:14     | Found a transporter.
 24516 | D:14     | Found a gate to the Vaults.
 24641 | D:14     | Reached skill level 15 in Armour
 24694 | D:14     | Reached skill level 15 in Shields
 24770 | D:14     | Noticed Jorgrun
 24788 | D:14     | Killed Jorgrun
 25427 | D:15     | Entered Level 15 of the Dungeon
 25752 | Abyss:3  | Cast into level 3 of the Abyss (a wizard)
 25914 | Abyss:3  | Noticed a tentacled starspawn
 25922 | Abyss:3  | Killed a tentacled starspawn
 25955 | Abyss:3  | Paralysed by accursed screaming for 1 turns
 25960 | D:15     | Escaped the Abyss
 25976 | Abyss:3  | Cast into level 3 of the Abyss (a wizard)
 26037 | Abyss:3  | Noticed a tentacled starspawn
 26047 | Abyss:3  | Found a corrupted altar of Lugonu.
 26059 | Abyss:3  | Killed a tentacled starspawn
 26099 | Abyss:3  | Reached XP level 16. HP: 85/150 MP: 15/15
 26147 | Abyss:3  | Noticed a lich
 26189 | Abyss:3  | Killed a lich
 26193 | D:15     | Escaped the Abyss
 26289 | D:15     | Found a staircase to the Depths.
 26530 | D:15     | Found a radiant altar of Vehumet.
 26993 | D:6      | Found a shimmering altar of Xom.
 27036 | D:6      | Found a burning altar of Makhleb.
 27320 | D:6      | Found an opulent altar of Gozag.
 27920 | D:13     | Killed Apte Vyu's ghost
 28114 | Orc:1    | Entered Level 1 of the Orcish Mines
 28114 | Orc:1    | Noticed Gastronok
 28121 | Orc:1    | Paralysed by an orc sorcerer for 5 turns
 28123 | Orc:1    | Noticed Nergalle
 28165 | Orc:1    | Killed Gastronok
 28179 | Orc:1    | Killed Nergalle
 28301 | Orc:2    | Entered Level 2 of the Orcish Mines
 28522 | Orc:2    | Found a staircase to the Elven Halls.
 28715 | Orc:2    | Found Eseqaina's General Store.
 28718 | Orc:2    | Found Bochitua's General Store.
 28852 | Orc:2    | Bought a scroll of blinking for 97 gold pieces
 28852 | Orc:2    | Bought a scroll of teleportation for 39 gold pieces
 28852 | Orc:2    | Bought a potion of heal wounds for 65 gold pieces
 28852 | Orc:2    | Bought a wand of digging (5) for 273 gold pieces
 28852 | Orc:2    | Bought a potion of mutation for 104 gold pieces
 28854 | Orc:2    | Bought a scroll of enchant armour for 112 gold pieces
 29215 | Orc:2    | Found Fur Otack's Jewellery Emporium.
 29215 | Orc:2    | Found Usehin's Antique Weapon Shoppe.
 29217 | Orc:2    | Found a one-way gate leading to the halls of Pandemonium.
 29219 | Orc:2    | Bought the ring of Ruuh {rPois rF+ rC++ Will+ Dex-4} for
                  | 732 gold pieces
 29225 | Orc:2    | Bought the ring "Koabrofi" {+Blink SInv} for 406 gold
                  | pieces
 29420 | Spider:1 | Entered Level 1 of the Spider Nest
 31556 | Spider:2 | Noticed Arachne
 31576 | Spider:1 | Killed Arachne
 31577 | Spider:1 | Reached XP level 17. HP: 137/160 MP: 16/16
 31973 | Spider:2 | Reached skill level 15 in Dodging
 32020 | Spider:2 | Identified the +5 war axe "Ustuqet" {flame, Dex+3}
 34002 | Spider:4 | Entered Level 4 of the Spider Nest
 34831 | Spider:4 | Noticed Bai Suzhen
 35039 | Spider:4 | Noticed Mara
 35093 | Spider:3 | Noticed Seven7's illusion
 35120 | Spider:3 | Killed Mara
 35444 | Spider:3 | Killed Bai Suzhen
 36019 | Spider:4 | Reached XP level 18. HP: 160/172 MP: 17/17
 37178 | Spider:4 | Identified the +3 pair of gloves "Qivokk" {+Blink rElec}
 37231 | Spider:4 | Got a gossamer rune of Zot
 37589 | Vaults:1 | Entered Level 1 of the Vaults
 38479 | Vaults:1 | HP: 6/176 [slime creature[a boggart] (23)]
 39125 | Vaults:1 | Identified the +11 whip "Xeggeept" {flame, Int+4}
 41204 | Vaults:2 | Reached XP level 19. HP: 140/183 MP: 18/18
 42105 | Vaults:2 | Found a staircase to the Crypt.
 42105 | Vaults:2 | Found an ancient bone altar of Kikubaaqudgha.
 42450 | Vaults:2 | Found a basalt altar of Yredelemnul.
 44362 | Vaults:3 | Found a portal to a secret trove of treasure.
 44613 | Vaults:4 | Found a magical portal.
 44618 | WizLab   | Entered Doroklohe's Tomb
 45060 | WizLab   | Reached XP level 20. HP: 168/195 MP: 19/19
 45602 | WizLab   | Noticed a royal mummy
 45639 | WizLab   | Killed a royal mummy
 47484 | Vaults:4 | Identified the +0 leather armour of Makhleb {-Tele rPois
                  | rF- Int+9}
 48182 | Vaults:4 | Found Agham's General Store.
 48203 | Vaults:4 | Bought a potion of berserk rage for 80 gold pieces
 48203 | Vaults:4 | Bought a scroll of teleportation for 48 gold pieces
 48203 | Vaults:4 | Bought a potion of curing for 48 gold pieces
 48466 | Vaults:4 | Found Agham's General Store.
 49570 | Elf:1    | Entered Level 1 of the Elven Halls
 49771 | Elf:1    | Paralysed by an air elemental for 1 turns
 49777 | Elf:1    | Paralysed by an air elemental for 1 turns
 49965 | Elf:1    | Paralysed by an air elemental for 1 turns
 50532 | Elf:1    | Got the Catalogue of the Blessed Realm
 50748 | D:10     | Acquired the +3 pair of seven-league boots {Rampage+∞}
 50748 | D:10     | Found the +3 pair of seven-league boots {Rampage+∞}
 50761 | D:10     | Acquired 682 gold pieces
 50762 | D:10     | Acquired a manual of Dodging
 50781 | D:10     | Bought a scroll of enchant weapon for 112 gold pieces
 50785 | D:10     | Bought a potion of heal wounds for 110 gold pieces
 50790 | D:10     | Bought the +0 cloak "Zolaker" {rC+ Will+ Str+4} for 617
                  | gold pieces
 50804 | D:10     | Bought the ring "Ypiujot" {rF+ rC++ Str+3 SInv} for 1108
                  | gold pieces
 50867 | Shoals:1 | Entered Level 1 of the Shoals
 51471 | Shoals:1 | You fall into a shaft and drop 1 floor!
 51598 | Shoals:2 | Noticed Ilsuiw
 51660 | Shoals:2 | Killed Ilsuiw
 51710 | Shoals:2 | Identified the +13 chain mail "Zothrua" {rF+ SInv}
 51739 | Shoals:2 | Reached XP level 21. HP: 204/204 MP: 20/20
 52439 | Shoals:1 | Noticed Louise
 52460 | Shoals:1 | Killed Louise
 52833 | Shoals:3 | Found Jiusit's Book Shop.
 53125 | Shoals:3 | Found Erghee's Distillery.
 53127 | Shoals:3 | Found a gateway to a bazaar.
 53138 | Bazaar   | Entered a bazaar
 53143 | Bazaar   | Found Guen's Book Boutique.
 53165 | Bazaar   | Found Kegyammyosk's Antique Weapon Emporium.
 53186 | Bazaar   | Found Meupyrog's Weapon Boutique.
 53206 | Bazaar   | Found Kaek's Antique Armour Shoppe.
 53286 | Shoals:3 | Bought a potion of heal wounds for 80 gold pieces
 53286 | Shoals:3 | Bought a potion of haste for 160 gold pieces
 53286 | Shoals:3 | Bought a potion of haste for 160 gold pieces
 53286 | Shoals:3 | Bought a potion of curing for 48 gold pieces
 53286 | Shoals:3 | Bought a potion of mutation for 128 gold pieces
 54609 | Shoals:4 | Entered Level 4 of the Shoals
 54609 | Shoals:4 | Noticed Donald
 54707 | Shoals:4 | Killed Donald
 54757 | Shoals:4 | Found a glowing golden altar of the Shining One.
 54794 | Shoals:4 | Identified the +0 great mace "Guanih" {speed, rC+}
 54939 | Shoals:4 | Identified the ring "Natyil" {rPois rC+ Int+2 Dex+6}
 55129 | Shoals:4 | Found a glowing silver altar of Zin.
 55414 | Shoals:4 | Identified the amulet "Ynkas" {Faith Dex+3}
 55453 | Shoals:4 | Noticed Polyphemus
 55468 | Shoals:4 | Killed Polyphemus
 55827 | Shoals:4 | Got a barnacled rune of Zot
 56270 | Depths:1 | Entered Level 1 of the Depths
 56270 | Depths:1 | Noticed Sojobo
 56339 | D:15     | Paralysed by an air elemental for 1 turns
 56346 | D:15     | Killed Sojobo
 56528 | Depths:1 | Found a hide-covered altar of Uskayaw.
 56999 | Depths:1 | Found a gateway to Hell.
 57308 | Depths:2 | Found a transporter.
 57325 | Depths:2 | Noticed a golden dragon
 57354 | Depths:2 | Found a shadowy altar of Dithmenos.
 57552 | Depths:2 | Found a transporter.
 57553 | Depths:2 | Noticed a juggernaut
 57586 | Depths:2 | Reached XP level 22. HP: 215/215 MP: 21/21
 57981 | Depths:2 | Killed a juggernaut
 57988 | Depths:2 | Killed a golden dragon
 57999 | Depths:2 | a rockslime changed into a golden dragon
 57999 | Depths:2 | Noticed a golden dragon (glowing shapeshifter)
 58000 | Depths:2 | a golden dragon changed into a juggernaut
 58000 | Depths:2 | Noticed a juggernaut (glowing shapeshifter)
 58002 | Depths:2 | a juggernaut changed into an iron giant
 58041 | Depths:2 | Identified the ring "Edash" {rN+ MP+9 Dex+4}
 58048 | Depths:2 | Identified the +1 pair of boots "Naotumu" {Harm *Corrode
                  | rN+ Stlth+}
 58193 | Depths:3 | Identified the +9 flail of Destiny {freeze, rF+}
 58290 | Depths:3 | Identified the amulet of Pessimism {Acrobat Regen+ Str-2
                  | Int+5 Stlth+}
 58293 | Depths:3 | Identified the +0 plate armour of the Lizard {+Inv Int+2}
 58938 | Depths:3 | Found a one-way gate to the infinite horrors of the Abyss.
 59314 | Depths:4 | Entered Level 4 of the Depths
 59510 | Depths:4 | Found a gate to the Realm of Zot.
 59629 | Depths:4 | Found Peppuhept's Distillery.
 59629 | Depths:4 | Found Baoduluv's Weapon Shop.
 59629 | Depths:4 | Found Byracwec's Antique Armour Boutique.
 59637 | Depths:4 | Found Foxtijot's Distillery.
 59675 | Depths:4 | Bought a potion of curing for 60 gold pieces
 59675 | Depths:4 | Bought a potion of curing for 60 gold pieces
 59675 | Depths:4 | Bought a potion of mutation for 160 gold pieces
 59675 | Depths:4 | Bought a potion of heal wounds for 100 gold pieces
 59675 | Depths:4 | Bought a potion of heal wounds for 100 gold pieces
 59678 | Depths:4 | Bought a potion of heal wounds for 65 gold pieces
 59678 | Depths:4 | Bought a potion of heal wounds for 65 gold pieces
 59678 | Depths:4 | Bought 2 potions of might for 104 gold pieces
 59885 | Depths:4 | Found a one-way gateway to a ziggurat.
 60271 | Depths:4 | Found a sacrificial altar of Ru.
 60742 | Vaults:5 | Entered Level 5 of the Vaults
 60870 | Vaults:5 | Reached XP level 23. HP: 208/226 MP: 22/22
 61039 | Vaults:5 | Identified the +0 quarterstaff of Okawaru's Vengeance
                  | {heavy, rPois rC+}
 61056 | Vaults:5 | Found Hubamm's Book Shop.
 61058 | Vaults:5 | Noticed an ancient lich
 61289 | Vaults:5 | Noticed a dread lich
 61303 | Vaults:5 | Killed a dread lich
 61518 | Vaults:5 | Identified the ring of Herphof {rElec rN+ Str+6 Dex-4}
 61535 | Vaults:5 | Identified the ring "Paoczoll" {rF+ Slay+4}
 61558 | Vaults:5 | Identified the +6 broad axe "Nibos" {freeze, +Blink}
 61566 | Vaults:5 | Killed an ancient lich
 61669 | Vaults:5 | Reached XP level 24. HP: 236/236 MP: 22/22
 61769 | Vaults:5 | Identified the +0 scale mail "Astennock" {Dex+2 Stlth+}
 62541 | Vaults:5 | Got a silver rune of Zot
 62832 | D:10     | Bought a scroll of enchant armour for 247 gold pieces
 63523 | Elf:2    | Found a runed translucent gate.
 63524 | Elf:2    | Found a runed translucent gate.
 63527 | Elf:2    | Found a runed translucent gate.
 64075 | Elf:3    | Entered Level 3 of the Elven Halls
 64169 | Elf:3    | Reached XP level 25. HP: 245/245 MP: 22/22
 64169 | Elf:3    | Found Woqius's Weapon Shop.
 64211 | Elf:3    | Found Jell's Jewellery Shop.
 64257 | Elf:3    | Noticed Roxanne
 64560 | Elf:3    | Killed Roxanne
 64636 | Elf:3    | Found Leczeob's Weapon Shop.
 64686 | Elf:3    | Found a runed translucent door.
 65053 | Elf:3    | Identified the +2 demon trident "Orb Guardian's Doom"
                  | {elec, *Noise Str-3 Int+8}
 65056 | Elf:3    | Identified the +5 demon whip "Zedupogg" {freeze, Dex+4}
 65056 | Elf:3    | Identified the ring of Pazyomuw {Fly rElec rPois Dex+3}
 65416 | Elf:3    | Identified the ring "Wihil" {Ice Dex+3}
 65448 | Elf:3    | Identified the +6 fire dragon scales of Insurance {Contam
                  | Rampage rF++ rC- Will++ SInv}
 65641 | Elf:3    | Identified the +4 pair of gloves of Parts Unknown {+Blink
                  | Will+ Dex-3}
 65721 | Elf:3    | Identified the staff "Agrirgh" {*Slow rC+ Str+2 Int+2 Dex+3
                  | Ice}
 65830 | Elf:3    | Found a hide-covered altar of Uskayaw.
 66213 | D:10     | Bought the +15 Maxwell's patent armour {-Cast -Tele rElec
                  | Will+ rCorr} for 3404 gold pieces
 66213 | D:10     | Found the +15 Maxwell's patent armour {-Cast -Tele rElec
                  | Will+ rCorr}
 66316 | Slime:1  | Entered Level 1 of the Pits of Slime
 68400 | Slime:4  | Noticed Dissolution
 68417 | Slime:4  | Killed Dissolution
 68754 | Slime:5  | Entered Level 5 of the Pits of Slime
 68808 | Slime:5  | Gained mutation: You occasionally shout uncontrollably at
                  | your foes. [a shining eye]
 68812 | Slime:5  | Gained mutation: Armour fits poorly on your strangely
                  | shaped body. [a shining eye]
 68980 | Slime:4  | Lost mutation: You occasionally shout uncontrollably at
                  | your foes. [potion of mutation]
 68980 | Slime:4  | Lost mutation: Armour fits poorly on your strangely shaped
                  | body. [potion of mutation]
 68980 | Slime:4  | Gained mutation: You are weak. (Str -2) [potion of
                  | mutation]
 68980 | Slime:4  | Lost mutation: You are weak. (Str -2) [potion of mutation]
 68980 | Slime:4  | Gained mutation: Your muscles are strong. (Str +4, Int/Dex
                  | -1) [potion of mutation]
 69084 | Slime:5  | Noticed the Royal Jelly
 69102 | Slime:5  | Killed the Royal Jelly
 69546 | Slime:5  | Found the macabre finger necklace {Finger+ rN+}
 69547 | Slime:5  | Found the +2 hat of the Bear Spirit {Spirit, Bear, *Rage
                  | Will++}
 69565 | Slime:5  | Got Asmodeus's Secrets of Molten Percussion
 69566 | Slime:5  | Identified the +10 rapier of Utuedas {heavy, rPois Int+7
                  | Dex+3}
 69575 | Slime:5  | Got a slimy rune of Zot
 69593 | Slime:5  | Identified the +2 flail of Fuzzy Blind Justice {chaos,
                  | +Blink rN+}
 69604 | Slime:5  | Identified the ring "Uze Mios" {rN+ Stlth+}
 69623 | Slime:5  | Identified the ring "Nitohen" {rC+++ Will+ rCorr Str-4
                  | Slay-6}
 69646 | Slime:5  | Identified the +4 halberd "Tube" {vamp, Drain rElec Int+5}
 69663 | Slime:5  | Identified the ring "Pemuidut" {Ice rElec Will+ Dex-4}
 69665 | Slime:5  | Identified the +3 acid dragon scales of Jamoh {rCorr Int+4
                  | Dex+3}
 69918 | D:10     | Bought a pair of heavily runed gloves for 437 gold pieces
 69918 | D:10     | Identified the +1 pair of gloves "Iguog" {+Inv rN+ Int+2
                  | Dex+2} (You bought it in a shop on level 10 of the Dungeon)
 69919 | D:10     | Bought a scroll of revelation for 165 gold pieces
 70606 | Hell     | Entered the Vestibule of Hell
 70607 | Hell     | Noticed Geryon
 70648 | Hell     | Killed Geryon
 70697 | Hell     | Found a gateway to the Iron City of Dis.
 70826 | Hell     | Found a gateway to the freezing wastes of Cocytus.
 70931 | Hell     | Reached XP level 26. HP: 257/257 MP: 20/22
 71308 | Hell     | Found a gateway to the ashen valley of Gehenna.
 71486 | Hell     | Found a gateway to the decaying netherworld of Tartarus.
 71660 | Geh:1    | Entered Level 1 of Gehenna
 71846 | Geh:1    | Noticed a dread lich
 71853 | Geh:1    | Killed a dread lich
 73349 | Geh:5    | You are sucked into a shaft and drop 1 floor!
 73862 | Geh:7    | Entered Level 7 of Gehenna
 75632 | Geh:7    | Found the +13 sceptre of Asmodeus
 75632 | Geh:7    | Noticed Asmodeus
 75655 | Geh:7    | Reached XP level 27. HP: 268/268 MP: 16/22
 75664 | Geh:7    | Killed Asmodeus
 75837 | Geh:7    | Identified the ring of Qimaariyq {rPois rF+ EV+5 Dex+2}
 75906 | Geh:7    | Identified the +3 leather armour of the Eternal Fruit {Harm
                  | rC- rN+++ Stlth-}
 75914 | Geh:7    | Got Luacan's Atlas of Accomplices and Blasphemous Spells
 75920 | Geh:7    | Got the Vellum of the Icicle and Evolution
 75923 | Geh:7    | Identified the +3 chain mail of the Illusory Mouths {Str+2
                  | Dex+2}
 75925 | Geh:7    | Identified the +3 longbow of Soinoom {freeze, rPois SInv}
 75926 | Geh:7    | Identified the staff of Experimentation {rElec rF+ Will+
                  | Conj}
 75951 | Geh:7    | Got an obsidian rune of Zot
 76934 | Coc:1    | Entered Level 1 of Cocytus
 77905 | Coc:5    | Paralysed by a wendigo for 1 turns
 77936 | Coc:5    | Paralysed by a wendigo for 1 turns
 78169 | Coc:6    | Noticed an ancient lich
 78169 | Coc:6    | Noticed a dread lich
 78169 | Coc:6    | Noticed a dread lich
 78185 | Coc:6    | Killed a dread lich
 78190 | Coc:6    | Killed an ancient lich
 78222 | Coc:6    | Paralysed by a wendigo for 1 turns
 78477 | Coc:6    | Paralysed by a wendigo for 1 turns
 78490 | Coc:6    | Paralysed by a wendigo for 1 turns
 78692 | Coc:6    | Killed a dread lich
 78913 | Coc:7    | Entered Level 7 of Cocytus
 78977 | Coc:7    | Paralysed by a wendigo for 1 turns
 78998 | Coc:7    | Reached skill level 27 in Armour
 79001 | Coc:7    | Reached skill level 27 in Axes
 79009 | Coc:7    | Reached skill level 27 in Shields
 79012 | Coc:7    | Reached skill level 27 in Fighting
 79057 | Coc:7    | Reached skill level 27 in Dodging
 79257 | Coc:7    | Reached skill level 1 in Evocations
 79506 | Coc:7    | Paralysed by a wendigo for 1 turns
 79641 | Coc:7    | Reached skill level 5 in Evocations
 79678 | Coc:7    | Noticed Antaeus
 79718 | Coc:7    | Killed Antaeus
 79748 | Coc:7    | HP: 19/409 [ice statue] (2)]
 80997 | Coc:7    | Reached skill level 10 in Evocations
 81476 | Coc:7    | Identified the staff of Eternal War {rElec Str+5 SInv Conj}
 81479 | Coc:7    | Identified the ring of Cappiuc {rPois Will+ SInv}
 81482 | Coc:7    | Got an icy rune of Zot
 81485 | Coc:7    | Identified the ring "Xeseriar" {rF+ Dex+4}
 82170 | Tar:1    | Entered Level 1 of Tartarus
 82738 | Tar:2    | You fall into a shaft and drop 1 floor!
 86130 | Tar:6    | Reached skill level 15 in Evocations
 86300 | Tar:6    | Found a huge runed gate.
 86300 | Tar:6    | Found a huge runed gate.
 86300 | Tar:6    | Found a huge runed gate.
 86300 | Tar:6    | Found a huge runed gate.
 86301 | Tar:6    | Found a huge runed gate.
 86301 | Tar:6    | Found a huge runed gate.
 86302 | Tar:6    | Found a huge runed gate.
 86302 | Tar:6    | Found a huge runed gate.
 86302 | Tar:6    | Found a huge runed gate.
 86303 | Tar:6    | Found a huge runed gate.
 86311 | Tar:6    | Found a huge runed gate.
 86311 | Tar:6    | Found a huge runed gate.
 86311 | Tar:6    | Found a huge runed gate.
 86311 | Tar:6    | Found a huge runed gate.
 86311 | Tar:6    | Found a huge runed gate.
 86311 | Tar:6    | Found a huge runed gate.
 86312 | Tar:6    | Found a huge runed gate.
 86313 | Tar:6    | Found a huge runed gate.
 86314 | Tar:6    | Found a huge runed gate.
 86322 | Tar:6    | Found a huge runed gate.
 86322 | Tar:6    | Found a huge runed gate.
 86322 | Tar:6    | Found a huge runed gate.
 86322 | Tar:6    | Found a huge runed gate.
 86322 | Tar:6    | Found a huge runed gate.
 86322 | Tar:6    | Found a huge runed gate.
 86323 | Tar:6    | Found a huge runed gate.
 86324 | Tar:6    | Found a huge runed gate.
 86325 | Tar:6    | Found a huge runed gate.
 86333 | Tar:6    | Found a huge runed gate.
 86333 | Tar:6    | Found a huge runed gate.
 86333 | Tar:6    | Found a huge runed gate.
 86333 | Tar:6    | Found a huge runed gate.
 86333 | Tar:6    | Found a huge runed gate.
 86333 | Tar:6    | Found a huge runed gate.
 86334 | Tar:6    | Found a huge runed gate.
 86335 | Tar:6    | Found a huge runed gate.
 86429 | Tar:6    | Noticed a dread lich
 86430 | Tar:6    | Noticed an ancient lich
 86438 | Tar:6    | Killed an ancient lich
 86442 | Tar:6    | HP: 17/394 [doom hound (14)]
 86443 | Tar:6    | Succumbed to a tainted leviathan's dark miasma

Illustrated notes

Levels and vault maps discovered:
D:1:      sevenhm_arrival_forest_fort_large_4, layout_loops_corners,
          nrook_mini_backslash
D:2:      layout_basic, ebering_ecumenical_altar_box, minmay_cut_off
D:3:      layout_rooms, nicolae_sif_muna_condensation,
          nicolae_qazlal_eye_of_the_storm, trog_hazing_becter,
          wander_ebering_terrifying_dragon_lair
D:4:      layout_basic, mainiacjoe_overflow_large_starburst,
          minmay_temple_entry_sparse_star
D:5:      layout_basic, mainiacjoe_overflow_tiny_flanked,
          chequers_serial_rivers_room_a, nicolae_half_adder, uniq_eustachio
D:6:      layout_cave_pods, makhleb_blood_cavern_becter,
          brannock_xom_greatest_gift, grunt_gozag_statues,
          kennysheep_small_circle, uniq_grinder, uniq_edmund
D:7:      hellmonk_crumbling_castle, layout_basic, mainiacjoe_overflow_brackets,
          okawaru_trees_2
D:8:      hangedman_cross_veins, layout_cave_pods, serial_shops, shop,
          uniq_joseph, uniq_maggie
D:9:      layout_basic, grunt_nemelex_the_gamble
D:10:     layout_loops_cross, mainiacjoe_overflow_concentric_impassable,
          old_standard_altar, dpeg_oklobed_lair, erik_orc_1, minivault_4
D:11:     layout_roguey, gammafunk_ghost_ooze, st_stairs_12,
          nicolae_figureground_pulse
D:12:     layout_stronghold, serial_glass, glass_columns_a, glass_columns_c,
          serial_shops, shop, guppyfry_shop_blood
D:13:     layout_loops_corners, hellmonk_ghost_big_iron
D:14:     layout_roguey, lightli_vaults_fourway_checkpoint,
          gammafunk_ghost_hive, minmay_more_statues, uniq_jorgrun
D:15:     grunt_enter_depths_magical_seal, layout_long_grid, fiery_altar_vehumet
Temple:   hellmonk_temple_forest_ring
Lair:1:   layout_regular_city, enter_volcano_2, st_stairs_6,
          lemuel_fruit_fields, infiniplex_staircase_pool
Lair:2:   layout_roguey, grunt_megastairs_1, serial_bayou_shore_b
Lair:3:   layout_hall_layers, minmay_shoals_entry_centaurs, spider_nest_entry_a,
          nicolae_lair_run_with_the_wolves, lemuel_fruit_tree
Lair:4:   layout_big_grid, uniq_rupert
Lair:5:   wormcave, layout_long_grid, hangedman_lair_caniforms_friends,
          slime_entry_1, ice2_lemuel
Shoals:1: layout_shoals, nicolae_shoals_this_corrosion, uniq_louise
Shoals:2: layout_shoals, nicolae_shoals_water_elemental_grotto, uniq_ilsuiw
Shoals:3: layout_shoals, serial_shops, statue_bzr, shop, shop,
          nicolae_shoals_enchanted_isle
Shoals:4: shoals_end_hellmonk_holy_island, uniq_donald, uniq_polyphemus
Spider:1: layout_chambers
Spider:2: lemuel_spider_zombies, einodemon_crawler_minivault, uniq_arachne
Spider:3: layout_spider_delve, nicolae_spider_checkerboard
Spider:4: spider_rune_water, nicolae_arachne_temple, uniq_mara, uniq_bai_suzhen
Slime:1:  layout_caves
Slime:2:  layout_caves
Slime:3:  nicolae_slime_pool, layout_caves
Slime:4:  cheibrodos_slime_lost_civilization_3, layout_caves, uniq_dissolution
Slime:5:  slime_pit_nicolae_royal_road_to_ruin
Orc:1:    layout_caves, serial_shops, shop, uniq_nergalle, uniq_fannar,
          uniq_gastronok, uniq_sonja
Orc:2:    pf_orc_diabolical, layout_caves
Elf:1:    nicolae_elf_arrival_fired_up, layout_loops_cross, minmay_elf_sorcery,
          feat_on_display
Elf:2:    nicolae_elf_blades_splatter_lattice [mumra_blade_entry_bloodbath],
          layout_gridlike, hangedman_decor_cross_pass
Elf:3:    elf_hall_gauntlet_narrow, layout_geoelf_octagon, serial_shops, shop,
          nicolae_danse_macabre, minmay_shop_star, uniq_roxanne
Vaults:1: hangedman_vaults_locks, grunt_vaults_funnel, vaults_mumra_hexcomb,
          nicolae_vaults_more_shelving_1, nicolae_vaults_closet_pinwheel_3,
          nicolae_vaults_circle_grid_a, v_rooms_5, v_misc_25, vaults_room_pools,
          layout_vaults_ring
Vaults:2: vaults_room_guarded_vault, nicolae_vaults_steering_wheel,
          nicolae_vaults_tangram_1, grunt_vaults_hallway_long,
          nicolae_vaults_alarming, grunt_vaults_hallway_short,
          nicolae_vaults_closet_pinwheel_3, nicolae_vaults_ring_of_whatevers,
          v_pattern_4, nicolae_vaults_trapezoid_3,
          minmay_crypt_entry_necro_gods, grunt_vaults_hallway_long,
          nicolae_vaults_gold_heap, nicolae_vaults_stairing_the_circle,
          vaults_room_fours, nicolae_vaults_double_plus_1,
          layout_vaults_maze_snakey
Vaults:3: nicolae_vaults_cornered_office, ontoclasm_vaults_chip,
          nicolae_vaults_stepped_doors, hangedman_vaults_capsules,
          nicolae_vaults_wine_cellar, hellmonk_guarded_unrand_gong,
          nicolae_vaults_sealed_display, nicolae_vaults_theta,
          nicolae_vaults_bisected_inception, layout_vaults_omnibox,
          enter_trove_5
Vaults:4: infiniplex_enter_wizlab_spiral, nicolae_vaults_weapon_check, v_misc_4,
          nicolae_vaults_double_plus_3, hangedman_vaults_stretched_pinwheel,
          ontoclasm_vaults_eye, nicolae_vaults_ninety_degrees,
          ontoclasm_vaults_hangar, vaults_room_stairs_pillars, v_misc_26,
          nicolae_vaults_three_branches, layout_vaults_big_room, serial_shops,
          shop_coins
Vaults:5: serial_shops
Depths:1: layout_roguey, lightli_too_deep, hangedman_abyss_or_decor_stagger,
          dancing_weapons_uskayaw, uniq_sojobo
Depths:2: gammafunk_the_bubble [the_bubble_gammafunk_plus_minus],
          layout_cave_shapes, hell_entry, rand_demon_pan_entry_8,
          nicolae_dithmenos_the_darkroom, minmay_misc_feat_plants,
          hangedman_decor_growths, drop_trap, infiniplex_staircase_squiggle
Depths:3: minmay_the_grid_square_5x5_3x3 [minmay_the_grid_square_5x5_seven,
          minmay_the_grid_square_5x5_comb, minmay_the_grid_square_5x5_percent,
          minmay_the_grid_square_5x5_intrusive_squares,
          minmay_the_grid_square_5x5_megaprize_diamond,
          minmay_the_grid_square_5x5_bracketed, minmay_the_grid_square_5x5_v,
          minmay_the_grid_square_5x5_two_walls_a,
          minmay_the_grid_square_5x5_sharp_hourglass], layout_basic,
          nicolae_abyss_entry_one_way_or_another, pf_coc_iceberg,
          hangedman_abyss_or_decor_jellyfish_corner, infiniplex_staircase_pool_2
Depths:4: grunt_zot_entry_tricorne, layout_long_grid, enter_ziggurat_d,
          rand_demon_pan_entry_9, hell_entry, nicolae_ru_path_of_blood,
          minmay_shoptagon
Hell
Geh:1:    layout_gehenna_pools_box
Geh:2:    layout_gehenna_pools_basic, nicolae_geh_niches_of_the_damned
Geh:3:    layout_gehenna_pools_basic
Geh:4:    layout_gehenna_pools_basic
Geh:5:    layout_gehenna_pools_triple
Geh:6:    layout_gehenna_lava_caves
Geh:7:    geh_mu
Coc:1:    layout_cocytus_delve
Coc:2:    layout_cocytus_delve
Coc:3:    layout_ice_bergs
Coc:4:    layout_cocytus_delve
Coc:5:    layout_ice_bergs
Coc:6:    layout_ice_bergs, nicolae_coc_liches_on_tour
Coc:7:    coc_mu
Tar:1:    layout_grid_maze
Tar:2:    layout_grid_maze, nicolae_tar_just_some_guys
Tar:3:    layout_honeycomb
Tar:4:    layout_honeycomb
Tar:5:    layout_grid_maze, nicolae_tar_combstack
Tar:6:    layout_grid_maze, door_vault

Skill      XL: |  1  2  3  4  5  6  7  8  9 10 11 12 13 14 15 16 17 18 19 20 21 22 23 24 25 26 27 |
---------------+----------------------------------------------------------------------------------+-----
Fighting       | 4 5 6 8 10 11 12 14 15 16 18 19 20 21 22 23 24 25 27 | 27.0
Axes           | 3 4 5 6 7 9 11 12 14 16 17 18 19 20 21 22 23 24 25 27 | 27.0
Dodging        | 1 2 3 4 5 7 8 9 10 12 13 14 16 17 18 19 23 24 25 27 | 27.0
Shields        | 4 5 6 7 8 9 10 12 14 15 16 18 19 20 21 22 23 24 25 27 | 27.0
Armour         | 4 5 6 7 8 10 11 12 14 15 17 18 19 20 21 22 23 24 25 27 | 27.0
Evocations     | 15 | 15.1

Action                     |  1- 3 |  4- 6 |  7- 9 | 10-12 | 13-15 | 16-18 | 19-21 | 22-24 | 25-27 || total
---------------------------+-------+-------+-------+-------+-------+-------+-------+-------+-------++-------
  Melee: War axe           |    51 |   119 |    57 |   370 |   974 |  1301 |       |       |       ||  2872
         Headbutt          |     5 |    23 |    41 |    98 |   257 |   458 |   533 |   306 |   945 ||  2666
         Spear             |       |       |   168 |    85 |    32 |       |       |       |       ||   285
         Demon whip        |       |       |       |       |       |    20 |       |       |       ||    20
         Broad axe         |       |       |       |       |       |   394 |  1924 |  1000 |  2562 ||  5880
  Throw: Dart              |       |       |     6 |     4 |       |       |       |       |       ||    10
         Throwing net      |       |       |       |       |       |       |       |       |     2 ||     2
 Invoke: Potion Petition   |       |       |       |       |     1 |     1 |     3 |       |     3 ||     8
         Call Merchant     |       |       |       |       |       |       |     9 |     2 |     2 ||    13
    Use: Scroll            |       |       |       |    13 |     7 |    11 |    16 |    10 |     4 ||    61
         Potion            |       |       |       |       |       |       |       |     1 |     5 ||     6
   Stab: Distracted        |       |       |       |     1 |     7 |    13 |     6 |     7 |    24 ||    58
         Held in net/web   |       |       |       |       |       |       |       |       |     1 ||     1
 Armour: Scale mail        |    16 |    66 |    75 |       |       |       |       |       |       ||   157
         Chain mail        |       |       |       |    78 |       |       |   200 |   309 |    35 ||   622
         Plate armour      |       |       |       |   165 |   432 |   645 |   495 |       |   476 ||  2213
         Skin              |       |       |       |       |       |       |       |       |    68 ||    68
  Dodge: Dodged            |    24 |    75 |    96 |   139 |   320 |   457 |   449 |   257 |   726 ||  2543
  Block: Buckler           |     8 |    40 |    16 |       |       |       |       |       |       ||    64
         Kite shield       |       |       |    90 |    59 |       |       |       |       |       ||   149
         Tower shield      |       |       |       |   250 |   786 |  1839 |  2013 |  1052 |  2598 ||  8538
         Reflection        |       |       |       |       |       |    28 |    94 |    70 |    33 ||   225

Table legend: (Time is in decaauts)
 A = Elapsed time spent in this place.
 B = Non-inter-level travel time spent in this place.
 C = Inter-level travel time spent in this place.
 D = Time resting spent in this place.
 E = Time spent auto-exploring this place.
 F = Levels seen in this place.
 G = Mean time per level.
                   A        B        C        D        E       F      G
               +--------+--------+--------+--------+--------+-----+--------+
         Total |  85604 |  78161 |   7443 |   7915 |  50148 |  74 | 1156.8 |
       Dungeon |  22408 |  19633 |   2775 |   2502 |  13418 |  15 | 1493.9 |
        Temple |      1 |      1 |      0 |      0 |      0 |   1 |    1.0 |
          Lair |   7803 |   7014 |    789 |    728 |   4822 |   5 | 1560.6 |
        Shoals |   5322 |   4745 |    577 |     56 |   3551 |   4 | 1330.5 |
   Spider Nest |   7806 |   7546 |    260 |   1097 |   3838 |   4 | 1951.5 |
    Slime Pits |   3448 |   2953 |    495 |     47 |   1871 |   5 |  689.6 |
  Orcish Mines |   1308 |   1068 |    240 |      0 |    624 |   2 |  654.0 |
   Elven Halls |   4129 |   3718 |    411 |    258 |   2267 |   3 | 1376.3 |
        Vaults |  11778 |  11106 |    672 |   1599 |   6630 |   5 | 2355.6 |
        Depths |   4402 |   3766 |    636 |      0 |   2873 |   4 | 1100.5 |
          Hell |   1142 |    978 |    164 |      1 |    541 |   1 | 1142.0 |
       Gehenna |   4753 |   4621 |    132 |      2 |   3369 |   7 |  679.0 |
       Cocytus |   4577 |   4359 |    218 |    120 |   2743 |   7 |  653.9 |
      Tartarus |   4413 |   4345 |     68 |    414 |   3199 |   6 |  735.5 |
         Abyss |    388 |    388 |      0 |     88 |     25 |   2 |  194.0 |
        Bazaar |    104 |    104 |      0 |      0 |     85 |   1 |  104.0 |
       Volcano |    129 |    129 |      0 |      0 |     41 |   1 |  129.0 |
        Wizlab |   1685 |   1685 |      0 |   1000 |    247 |   1 | 1685.0 |
               +--------+--------+--------+--------+--------+-----+--------+

Top non-repeatable levels by time:
     D:6: 3284 daAuts
Vaults:1: 3264 daAuts
  Lair:5: 3205 daAuts
     D:8: 2988 daAuts
Vaults:4: 2742 daAuts
   Coc:7: 2650 daAuts
   Geh:7: 2580 daAuts
Spider:4: 2197 daAuts
Spider:3: 2161 daAuts
    D:10: 2158 daAuts
Spider:1: 2126 daAuts
Vaults:2: 2084 daAuts
Vaults:3: 2037 daAuts
     D:5: 1893 daAuts
   Elf:3: 1691 daAuts
